 Seeded DCSS version 0.31.0-12-g77e489cdc1 (webtiles) character file.

Game seed: 13385026439537408086 (custom seed)

65 CInkIbrahim the Poker (level 4, 0/35 HPs)
             Began as a Merfolk Fighter on Feb 29, 2024.
             Constricted to death by a ball python (1 damage)
             ... on level 2 of the Dungeon.
             The game lasted 00:02:17 (664 turns).

CInkIbrahim the Poker (Merfolk Fighter)              Turns: 664, Time: 00:02:18

Health: 0/35       AC:  6    Str: 18    XL:     4   Next: 13%
Magic:  4/4        EV:  6    Int:  7    God:
Gold:   64         SH:  4    Dex: 13    Spells: 3/3 levels left

rFire   . . .        a - +0 trident
rCold   . . .        c - +0 buckler
rNeg    . . .        b - +0 scale mail
rPois   .            (no helmet)
rElec   .            (no cloak)
rCorr   .            (no gloves)
SInv    .            (no boots)
Will    .....        (no amulet) Stlth
                     (no ring)
HPRegen 0.25/turn    (no ring)
MPRegen 0.09/turn

%: no passive effects
@: mighty, constricted
A: (nimble swimmer 2), mertail
a: no special abilities


You were on level 2 of the Dungeon.
You visited 1 branch of the dungeon, and saw 2 of its levels.

You collected 64 gold pieces.

Inventory:

Hand Weapons
 a - a +0 trident (weapon)
Armour
 b - a +0 scale mail (worn)
 c - a +0 buckler (worn)
Talismans
 g - a maw talisman
 j - a flux talisman
Scrolls
 e - a scroll of identify {unknown}
 f - a scroll of teleportation {unknown}
 h - a scroll of fear {unknown}
Potions
 i - a potion of heal wounds {unknown}


   Skills:
 - Level 3.2 Fighting
 + Level 5.7 Polearms
 - Level 2.1 Armour
 - Level 3.0 Shields


You had 3 spell levels left.
You didn't know any spells.
Your spell library contained the following spells:

 Spells                   Type           Power      Damage    Failure   Level
 Ensorcelled Hibernation  Hex/Ice        0%         N/A       96%         2
 Lesser Beckoning         Tloc           0%         N/A       96%         2
 Fugue of the Fallen      Necr           0%         N/A       99%         3
 Gell's Gravitas          Tloc           0%         N/A       99%         3
 Teleport Other           Tloc           0%         N/A       99%         3
 Anguish                  Hex/Necr       0%         N/A       100%        4


Dungeon Overview and Level Annotations

Branches:
Dungeon (2/15)

Altars:

Shops:
D:1 [


Innate Abilities, Weirdness & Mutations

((You are very nimble when in or above water. (Stealth+, EV+, Speed+++)))
Your lower body shifts to a powerful aquatic tail in water.


Message History

You feel very mighty all of a sudden.
You feel sick. The adder bites you.
The ribbon worm expels a string of sticky webbing.
The stream of webbing hits you but does no damage.
You are caught in a web!
The ball python bites you but does no damage.
The ball python constricts you.
The web tears apart.
You feel sick. The adder bites you but does no damage.
The ball python bites you but does no damage.
The ball python constricts you. The ribbon worm barely misses you.
The adder bites you but does no damage.
You miss the adder.
You feel sick. The ball python bites you.
* * * LOW HITPOINT WARNING * * *
The ball python constricts you.
* * * LOW HITPOINT WARNING * * *
The adder bites you.
* * * LOW HITPOINT WARNING * * *
The ribbon worm expels a string of sticky webbing.
The stream of webbing hits you but does no damage.
You are caught in a web!
The web tears apart.
You feel sick.
You are no longer poisoned.
The ball python closely misses you. The ball python constricts you.
The adder barely misses you.
You puncture the adder!
The adder is heavily wounded.
The ball python bites you but does no damage.
The ball python constricts you. The adder bites you.
* * * LOW HITPOINT WARNING * * *
The ribbon worm bites you.
* * * LOW HITPOINT WARNING * * *
You block the ball python's attack. The ball python constricts you.
The adder barely misses you.
Unknown command.
You puncture the adder!
You kill the adder!
The ribbon worm barely misses you.
The ball python bites you but does no damage.
The ball python constricts you.
You die...

#..........# #.......#
#.....).†..# #........
##........# ####.....
#........# #.#.##
##..#....#.# #.#...
##..###..#### #.####
##..# ##..#########.#
#....###..†.)....?....
#...#.@.#.)........
#(..wS###.......
##._.## #......
#.....# ######
#...#...# ....###..w.
##..# #..#.. ##. .## .
# ..


You could see a ribbon worm and a ball python.

Vanquished Creatures
  A gnoll (D:1)
  2 adders (D:2)
  2 dart slugs
  5 ball pythons
  5 bats
  5 endoplasms
  2 giant cockroaches (D:2)
  A hobgoblin (D:1)
  3 jackals (D:1)
  A quokka (D:2)
  2 frilled lizards
  5 goblins
  4 kobolds (D:1)
  3 rats (D:1)
41 creatures vanquished.

Notes
Turn   | Place    | Note
-------+----------+-------------------------------------------
     0 | D:1      | CInkIbrahim the Merfolk Fighter began the quest for the
                  | Orb.
     0 | D:1      | Reached XP level 1. HP: 18/18 MP: 1/1
    18 | D:1      | Reached skill level 3 in Polearms
    40 | D:1      | Reached skill level 4 in Polearms
    40 | D:1      | Reached XP level 2. HP: 19/24 MP: 2/2
    66 | D:1      | Found Haqig's Armour Boutique.
   160 | D:1      | Reached XP level 3. HP: 29/29 MP: 3/3
   315 | D:1      | Reached skill level 5 in Polearms
   633 | D:2      | Reached XP level 4. HP: 35/35 MP: 4/4
   635 | D:2      | Found a faded altar of an unknown god.
   663 | D:2      | HP: 1/35 [ribbon worm (3)]
   664 | D:2      | Constricted to death by a ball python

Illustrated notes

Levels and vault maps discovered:
D:1:      tarquinn_simple_flora_water_e, layout_rooms, serial_shops,
          nicolae_shop_tiny_statue_garden
D:2:      layout_basic, serial_shops, nicolae_shop_mannequins,
          nicolae_ecumenical_snake_handling

Skill      XL: |  1  2  3 |
---------------+----------+-----
Polearms       | 4 5 |  5.7
Fighting       | |  3.2
Armour         | |  2.1
Shields        | |  3.0

Action                     |  1- 3 |  4- 6 || total
---------------------------+-------+-------++-------
  Melee: Trident           |   124 |    12 ||   136
    Use: Potion            |       |     1 ||     1
 Armour: Scale mail        |    66 |    27 ||    93
  Dodge: Dodged            |    55 |     9 ||    64
  Block: Buckler           |    18 |     1 ||    19
